AoeStats
← mrfeast

Arabia

505159335Analyzed
1v1 RM · 24d ago on Sep 8, 2026· 46m 27s· 2 players
Game mode
Random Map
Map size
Tiny (2 player)
Population
200
Speed
Normal
Resources
Standard
Victory
Conquest
Starting age
Dark Age
Ending age
Imperial Age
RankedLock teamsTeams togetherTeam positionsShared explorationLock speedFull tech treeHidden civsTurbo modeCheats
Victory
Defeat
🇨🇦 Gurjaras · Canada
1105
+14
🇧🇷 Wei · Brazil
1063
-14
mrfeast
5:31 Loom
11:13 Feudal Age
16:05 Double-Bit Axe
17:18 Bloodlines
20:03 Scale Barding Armor
20:47 Forging
24:50 Castle Age
22:57 Fletching
23:09 Padded Archer Armor
24:12 Gold Mining
24:05 Horse Collar
26:18 Gold Shaft Mining
26:43 Bow Saw
29:53 Bodkin Arrow
30:14 Leather Archer Armor
32:55 Wheelbarrow
32:54 Husbandry
33:05 Heavy Plow
34:02 Hand Cart
38:04 Imperial Age
36:07 Stone Mining
36:05 Town Watch
37:13 Thumb Ring
37:34 Chain Barding Armor
37:50 Iron Casting
38:08 Town Patrol
37:55 Light Cavalry
39:35 Plate Barding Armor
39:01 Bracer
39:26 Conscription
40:10 Crop Rotation
41:28 Chemistry
40:35 Scale Mail Armor
41:24 Kshatriyas
41:25 Hussar
44:06 Masonry
44:24 Ballistics
45:24 Masonry
Caveirose
4:25 Loom
9:42 Feudal Age
10:11 Double-Bit Axe
10:07 Horse Collar
15:44 Forging
16:55 Wheelbarrow
17:14 Scale Barding Armor
21:57 Bloodlines
25:16 Castle Age
23:25 Gold Mining
23:47 Fletching
24:23 Town Watch
25:27 Bloodlines
26:52 Chain Barding Armor
27:13 Bow Saw
27:05 Heavy Plow
29:55 Scale Mail Armor
30:08 Husbandry
39:06 Sanctity
44:00 Bodkin Arrow
Connection lost

Rejoining the realm…

Still unreachable

The connection could not be restored.

Session expired

The server has moved on; the page needs a fresh start.